Map: Lerilak Crest

Players

Zambies - Winner!

  • Race: Terran Terran
  • League: Platinum

MorN

  • Race: Terran Terran
  • League: Master

VOD

Have the link to the VOD?

Description

Time

  • Played on: Nov. 20, 2015, 2:46 p.m.
  • Length: 12:51
Show
View Real Time Build Order
Export as new Build Order

Zambies Terran - Winner!

Build Orders: Reaper Expand, MMM Bio 

Get SALT Encoding   

  12  0:01  SCV  
  13  0:13  SCV  
  14  0:21  Supply Depot  
  14  0:25  SCV  
  15  0:44  SCV  
  15  0:48  Barracks  
  16  0:50  Refinery  
  16  0:57  SCV  
  17  1:09  SCV  
  18  1:22  SCV  
  19  1:34  Command Center, SCV  
  19  1:37  Reaper  
  21  1:49  SCV  
  21  1:51  Supply Depot  
  22  2:02  SCV  
  23  2:09  Barracks Reactor  
  23  2:17  Orbital Command  
  23  2:29  Barracks  
  23  2:30  Refinery, Barracks  
  23  2:43  Factory  
  23  2:45  SCV  
  24  2:55  Orbital Command  
  24  3:00  Marine  
  25  3:10  SCV  
  25  3:11  Marine  
  27  3:18  Engineering Bay  
  27  3:22  Marine  
  28  3:29  Orbital Command  
  27  3:34  SCV, Factory Tech Lab  
  27  3:37  Marine x2  
  30  3:46  SCV  
  31  3:50  Terran Infantry Weapons Level 1  
  31  3:58  SCV  
  31  3:59  Starport  
  31  4:00  Barracks Tech Lab  
  32  4:09  Siege Tank  
  35  4:14  SCV x2  
  37  4:22  Combat Shields  
  37  4:23  Marine  
  38  4:25  Barracks Reactor  
  38  4:26  SCV  
  38  4:27  Marine  
  38  4:31  SCV  
  41  4:35  Refinery  
  41  4:39  Medivac  
  41  4:41  Marauder  
  41  4:45  SCV  
  46  4:52  Supply Depot  
  46  4:55  SCV, Marine  
  43  5:10  Marine x3  
  43  5:11  Marauder  
  43  5:13  Marine  
  46  5:16  Missile Turret  
  46  5:23  Missile Turret  
  46  5:26  Starport Reactor  
  46  5:27  Marine  
  47  5:31  Marine x2  
  47  5:32  Marauder  
  51  5:42  SCV x2  
  53  5:45  Terran Infantry Armor Level 1, Medivac  
  53  5:46  Marine  
  56  5:53  Marauder  
  58  5:57  Marine x2  
  58  5:58  Marine  
  59  6:12  Marine  
  59  6:15  Marauder  
  62  6:18  Stimpack  
  62  6:19  Refinery  
  62  6:26  Supply Depot  
  62  6:32  Supply Depot  
  62  6:35  SCV x2, Medivac, Marine x4  
  70  6:47  SCV, Siege Tank, Marauder  
  76  6:55  Marine x2  
  76  7:09  Marauder  
  78  7:15  Marine x2  
  78  7:17  Marine  
  78  7:18  SCV x2  
  83  7:24  Command Center  
  83  7:26  Engineering Bay  
  71  7:48  Marine x4  
  71  7:49  Marauder  
  77  7:55  Starport Reactor  
  77  7:56  SCV  
  77  8:00  Armory  
  77  8:04  SCV  
  78  8:06  Starport  
  78  8:08  SCV  
  78  8:10  Marauder  
  81  8:16  SCV  
  81  8:19  Concussive Shells  
  81  8:20  SCV  
  79  8:28  SCV  
  79  8:32  SCV  
  79  8:33  Marine x3  
  86  8:34  Marauder  
  86  8:39  Orbital Command  
  86  8:41  SCV, Medivac x2  
  86  8:51  Terran Infantry Weapons Level 2  
  86  8:55  Marauder  
  86  9:00  SCV x2, Starport Tech Lab  
  88  9:04  Supply Depot  
  88  9:05  Supply Depot, Marine  
  89  9:12  SCV  
  89  9:13  Orbital Command  
  90  9:17  Terran Infantry Armor Level 2  
  90  9:32  Missile Turret  
  90  9:33  Marine  
  90  9:34  Refinery, Raven  
  90  9:35  Marine x2  
  90  9:38  Refinery  
  95  9:42  SCV  
  95  9:43  SCV  
  97  9:49  Medivac  
  97  9:50  Medivac  
  97  9:51  Missile Turret  
  100  10:01  SCV x2  
  88  10:18  SCV  
  88  10:19  Marine x3  
  88  10:20  Marauder  
  94  10:24  Command Center, SCV x2  
  94  10:25  Marine  
  97  10:30  SCV  
  97  10:32  Barracks  
  97  10:33  Barracks  
  97  10:35  Factory  
  98  10:37  Marine x3  
  98  10:41  Marauder  
  103  10:43  Marine  
  103  10:45  SCV  
  103  10:48  Siege Tank, Medivac  
  110  11:03  Marauder  
  112  11:04  Marine x4  
  96  11:22  Marine x4  
  96  11:24  Marauder  
  102  11:25  SCV  
  102  11:27  Barracks Tech Lab  
  102  11:29  Barracks Reactor  
  102  11:32  Factory Tech Lab  
  100  11:33  Siege Tank, Medivac x2  
  100  11:39  Marine  
  105  11:42  Marine x2  
  105  11:44  Marine  
  105  11:45  Marine  
  105  11:46  SCV x2  
  112  11:56  SCV  
  112  11:57  Marine  
  112  12:00  Marine  
  115  12:03  Marauder  
  115  12:07  Supply Depot x2  
  117  12:13  Medivac x2  
  117  12:27  Marauder  
  117  12:28  Marine x4  
Show
View Real Time Build Order
Export as new Build Order

MorN Terran 

Build Orders:  

Get SALT Encoding   

  12  0:00  SCV  
  13  0:13  SCV  
  14  0:17  Supply Depot  
  14  0:25  SCV  
  15  0:38  SCV  
  15  0:39  Barracks  
  16  0:51  SCV  
  16  0:55  Refinery  
  17  1:03  SCV  
  18  1:16  SCV  
  19  1:27  Marine  
  19  1:30  Orbital Command  
  20  1:45  Marine  
  20  1:46  Command Center  
  21  1:55  SCV  
  22  2:02  Factory  
  22  2:13  Supply Depot  
  22  2:17  Marine  
  23  2:25  Refinery  
  23  2:35  SCV, Marine  
  25  2:46  Starport  
  25  2:47  SCV  
  26  2:53  Factory Tech Lab  
  26  2:55  Marine  
  27  2:59  SCV, Orbital Command  
  28  3:11  SCV  
  29  3:13  Ghost Academy  
  29  3:23  SCV  
  29  3:26  SCV, Medivac  
  33  3:35  SCV  
  34  3:42  Supply Depot  
  34  3:43  Ghost  
  34  3:45  SCV  
  37  3:54  SCV  
  38  4:00  Personal Cloaking  
  38  4:01  SCV  
  39  4:06  SCV  
  40  4:12  Refinery  
  40  4:13  SCV  
  41  4:24  Ghost  
  41  4:26  SCV  
  41  4:27  SCV  
  45  4:37  Medivac  
  45  4:38  SCV  
  48  4:39  SCV  
  49  4:46  Factory Tech Lab  
  49  4:50  SCV  
  49  4:51  SCV  
  51  4:54  Command Center  
  51  4:55  Ghost  
  51  5:15  SCV  
  51  5:17  SCV  
  53  5:22  Supply Depot  
  53  5:25  Cyclone, Ghost  
  53  5:26  Supply Depot  
  58  5:32  SCV  
  58  5:34  SCV  
  60  5:36  Supply Depot  
  60  5:40  Engineering Bay x2  
  60  5:46  SCV  
  60  5:48  Starport Reactor  
  60  5:49  SCV  
  62  6:04  SCV  
  62  6:06  Cyclone  
  62  6:07  Ghost  
  66  6:13  SCV  
  66  6:15  Supply Depot, Nuke  
  67  6:23  Refinery, Orbital Command  
  67  6:25  SCV  
  68  6:28  Supply Depot x2  
  68  6:34  Factory  
  68  6:44  SCV  
  68  6:45  SCV  
  70  6:48  Ghost  
  68  7:37  Ghost  
  62  7:39  Siege Tank  
  63  7:49  Starport Reactor  
  60  7:51  Orbital Command  
  60  7:56  Hellion x2  
  60  7:57  SCV  
  63  8:05  Marine  
  63  8:11  Hellion  
  50  8:28  Hellion x2  
  50  8:29  SCV  
  50  8:32  Siege Tank  
  58  8:36  Marauder  
  58  8:37  Medivac  
  58  8:38  Medivac  
  58  8:39  SCV  
  65  8:44  Factory  
  65  8:51  Hellion  
  67  8:57  Ghost  
  69  9:04  Siege Tank  
  72  9:15  SCV  
  72  9:16  SCV x2  
  75  9:18  Hellion x2  
  75  9:20  Viking x2  
  83  9:28  SCV x3  
  83  9:31  Armory  
  86  9:35  Armory  
  86  9:38  Refinery, Factory Reactor  
  86  9:40  SCV x3  
  86  9:41  Refinery  
  89  9:48  Ghost  
  89  9:49  Hellion x2  
  93  10:04  SCV  
  93  10:06  Hellion  
  100  10:08  Viking x2  
  100  10:11  Hellion  
  100  10:14  SCV  
  100  10:17  Supply Depot  
  100  10:19  Hellion x2  
  100  10:20  Hellion  
  107  10:22  Terran Vehicle And Ship Armor Level 1, Terran Vehicle Weapons Level 1  
  107  10:23  SCV  
  107  10:24  Supply Depot  
  107  10:27  SCV, Siege Tank  
  112  10:30  SCV  
  112  10:32  Supply Depot  
  113  10:36  Engineering Bay  
  113  10:40  Command Center x2, Ghost  
  117  10:43  Hellion x2  
  117  10:49  Factory  
  119  10:55  SCV x2  
  121  10:59  Siege Tank  
  69  11:26  Hellion x3, Marauder  
  69  11:27  Hellion  
  69  11:32  Hellion  
  81  11:37  Viking, Medivac  
  82  11:46  Supply Depot  
  73  11:47  Factory Reactor  
  73  11:48  Hellion x2  
  73  11:51  Supply Depot  
  73  11:52  Ghost  
  73  11:53  Siege Tank  
  86  11:54  Hellion x2  
  86  11:56  Orbital Command  
  86  11:57  Orbital Command  
  86  12:08  Orbital Command  
  86  12:11  Hellion x2  
  87  12:21  Hellion x2  
Tags
 
Composition
MMM Bio
Matchup
TvT
Race
Terran
Replay Pack
MorN pack 2
Add a new tag
Caveats
  • Supply blocks, unpowered buildings, or Contaminate may cause inaccurate times.
  • Supply counts are checked every 10 seconds.